 Dungeon Crawl Stone Soup version 0.18.1-5-g4a78601 (webtiles) character file.

505 Ijustatesigmund the Skirmisher (level 7, -5/64 HPs)
             Began as a Hill Orc Fighter on May 14, 2016.
             Slain by a wyvern (16 damage)
             ... on level 4 of the Dungeon.
             The game lasted 00:08:22 (3223 turns).

Ijustatesigmund the Skirmisher (Hill Orc Fighter)   Turns: 3223, Time: 00:08:23

Health: -5/64      AC:  9    Str: 19    XL:     7   Next: 18%
Magic:  7/7        EV:  5    Int:  8    God:
Gold:   188        SH:  9    Dex: 12    Spells: 0 memorised, 6 levels left

rFire  . . .     SeeInvis +     p - +2 war axe (pain)
rCold  . . .     Gourm    .     l - +0 chain mail
rNeg   . . .     Faith    .     c - +0 shield
rPois  .         Spirit   .     (no helmet)
rElec  .         Dismiss  .     (no cloak)
rCorr  .         Reflect  .     (no gloves)
SustAt .         Harm     .     (no boots)
MR     .....                    (no amulet)
Stlth  ..........               (no ring)
                                o - ring of see invisible

@: not resistant to hostile enchantments, extremely unstealthy
A: no striking features
a: no special abilities


You were on level 4 of the Dungeon.
You were hungry.

You visited 1 branch of the dungeon, and saw 4 of its levels.

You collected 188 gold pieces.

Inventory:

Hand Weapons
 p - a +2 war axe of pain (weapon)
Armour
 c - a +0 shield (worn)
 l - a +0 chain mail (worn)
Jewellery
 o - a ring of see invisible (left hand)
Wands
 n - a wand of iceblast (6/15)
Scrolls
 e - a scroll of fog
 i - 2 scrolls of fear
 j - a scroll of teleportation
 m - 8 scrolls of remove curse
 r - 2 scrolls of identify
Potions
 a - 2 potions of heal wounds
 d - a potion of brilliance {unknown}
 h - 2 potions of curing
 q - 2 potions of invisibility {unknown}
Comestibles
 b - a royal jelly
 f - 4 bread rations
 g - a meat ration
 k - 2 beef jerkies


   Skills:
 + Level 6.7 Fighting
 + Level 5.4(5.7) Axes
   Level 2.1(3.6) Maces & Flails
 + Level 5.0 Armour
 - Level 3.2 Shields


You had 6 spell levels left.
You didn't know any spells.

Dungeon Overview and Level Annotations

Branches:
Dungeon (4/15)
 Temple: D:4-7

Altars:
Makhleb
Pakellas
Ru
Zin


Message History

You hit the wyvern.
The wyvern is lightly wounded.
The wyvern barely misses you.
The wyvern bites you but does no damage.
You hit the wyvern.
The wyvern is lightly wounded.
You block the wyvern's attack. The wyvern bites you!
You slash the wyvern!
The wyvern is heavily wounded.
The wyvern bites you but does no damage.
The wyvern bites you!
You hit the wyvern.
The wyvern is severely wounded.
The wyvern bites you! You block the wyvern's attack.
You hit the wyvern but do no damage.
The wyvern is severely wounded.
The wyvern bites you!
* * * LOW HITPOINT WARNING * * *
The wyvern bites you!
You die...

## ###
#.##########(#
#.@..........#
#l##########.#
#. #.# #. #.#
#. #.# #.
#######.# #.
........# ##
######..# ###
#..####..


You could see a wyvern.

Vanquished Creatures
  An ogre (D:4)
  A scorpion (D:4)
  A howler monkey (D:4)
  A crimson imp (D:4)
  An orc wizard (D:4)
  A centaur skeleton (D:4)
  An orc priest (D:4)
  A hound (D:4)
  2 worker ants (D:4)
  6 adders
  An ooze (D:1)
  8 dart slugs
  3 giant geckos
  An orc (D:4)
  2 ball pythons
  2 bats
  2 giant cockroaches
  9 goblins
  8 hobgoblins
  A giant gecko skeleton (D:4)
  3 giant newts
  8 kobolds
  7 rats
71 creatures vanquished.

Notes
Turn   | Place    | Note
--------------------------------------------------------------
     0 | D:1      | Ijustatesigmund the Hill Orc Fighter began the quest for the Orb.
     0 | D:1      | Reached XP level 1. HP: 19/19 MP: 1/1
   138 | D:1      | Reached skill level 4 in Fighting
   160 | D:1      | Reached XP level 2. HP: 28/28 MP: 2/2
   261 | D:1      | Reached skill level 1 in Axes
   267 | D:1      | Reached XP level 3. HP: 27/34 MP: 3/3
   677 | D:1      | Reached skill level 5 in Fighting
  1016 | D:2      | Reached XP level 4. HP: 40/42 MP: 4/4
  1484 | D:2      | Found a glowing silver altar of Zin.
  1597 | D:3      | Found a sacrificial altar of Ru.
  1601 | D:3      | Found a faded altar to an unknown god.
  1671 | D:3      | Found an oddly glowing altar of Pakellas.
  1685 | D:3      | Found a burning altar of Makhleb.
  1713 | D:3      | Noticed a balrug
  2202 | D:4      | Reached XP level 5. HP: 50/50 MP: 5/5
  2727 | D:4      | Noticed an ogre
  2733 | D:4      | Reached skill level 6 in Fighting
  2733 | D:4      | Reached XP level 6. HP: 55/57 MP: 6/6
  2936 | D:4      | Reached skill level 5 in Axes
  3054 | D:4      | Reached skill level 5 in Armour
  3054 | D:4      | Reached XP level 7. HP: 64/64 MP: 7/7
  3218 | D:4      | Noticed a wyvern
  3223 | D:4      | Slain by a wyvern

Skill      XL: |  1  2  3  4  5  6 |
---------------+-------------------+-----
Fighting       | 4 5 6 |  6.7
Axes           | 1 2 3 4 5 |  5.4
Armour         | 4 5 |  5.0
Maces & Flails | |  2.1
Shields        | |  3.2

Action                   |  1- 3 |  4- 6 |  7- 9 || total
-------------------------+-------+-------+-------++-------
Melee: Flail             |    17 |       |       ||    17
       Hand axe          |    89 |    22 |       ||   111
       War axe           |       |   112 |    20 ||   132
  Use: Scroll            |     8 |     6 |       ||    14
       Potion            |       |     3 |       ||     3
  Eat: Chunk             |       |     7 |       ||     7
Armor: Scale mail        |    39 |    19 |       ||    58
       Chain mail        |       |    37 |    10 ||    47
Dodge: Dodged            |    30 |    35 |     3 ||    68
Block: Shield            |    40 |    52 |     9 ||   101
